[ AOE2 MATCH · #507287131 ]
UnrankedPersians vs Chinese
Player's team · LOSS
Rival team · WIN
[ REPLAY ANALYSIS · EXTRACTED FROM THE RECORDED GAME ]
Feudal
—
Castle
—
Imperial
—
| APM avg | 32.6 |
| APM peak | 64 |
| eAPM avg | 10.9 |
| Villagers / military | 13 / 0 |
Focus
⚔️ 16.3% · 🌾 83.7%
Feudal
8:34
Castle
—
Imperial
—
| APM avg | 70.2 |
| APM peak | 98 |
| eAPM avg | 25.7 |
| Villagers / military | 35 / 0 |
Focus
⚔️ 36.2% · 🌾 63.8%
Match map
Initial resources + every placement click. Lines = walls · curves = elevation contours. ◆ gold · ⬟ stone · ● berries · ✦ relic · ◌ wall gap
Your base
CORP_ Zata's base
Smoothed initial terrain · ◌ = detected wall gap · hover for details
Inputs per minute
— Мамкин руинер - - CORP_ Zata
Build order — Мамкин руинер
17 actions detected in the replay
| 0:01 | Queue | Villager (Male) ×5 |
| 0:02 | Build | House |
| 0:04 | Build | House |
| 1:52 | Build | Lumber Camp |
| 1:54 | Queue | Villager (Male) |
| 1:54 | Queue | Villager (Male) |
| 2:17 | Queue | Villager (Male) |
| 2:17 | Queue | Villager (Male) |
| 2:17 | Queue | Villager (Male) |
| 2:51 | Queue | Villager (Male) |
| 3:34 | Queue | Villager (Male) |
| 3:53 | Queue | Villager (Male) |
| 3:53 | Research | Loom |
| 5:17 | Build | Town Center |
| 8:07 | Build | Mill |
| 9:53 | Build | Town Center |
| 11:24 | Build | Lumber Camp |
Build order — CORP_ Zata
50 actions detected in the replay
| 0:01 | Research | Loom |
| 0:40 | Queue | Villager (Male) |
| 0:41 | Queue | Villager (Male) |
| 1:06 | Queue | Villager (Male) |
| 1:06 | Queue | Villager (Male) |
| 1:29 | Queue | Villager (Male) |
| 1:30 | Queue | Villager (Male) |
| 1:55 | Queue | Villager (Male) |
| 1:55 | Queue | Villager (Male) |
| 2:06 | Build | Lumber Camp |
| 2:15 | Queue | Villager (Male) |
| 2:15 | Queue | Villager (Male) |
| 2:45 | Queue | Villager (Male) |
| 2:46 | Queue | Villager (Male) |
| 3:01 | Queue | Villager (Male) |
| 3:01 | Queue | Villager (Male) |
| 3:16 | Queue | Villager (Male) |
| 3:23 | Build | House |
| 3:31 | Queue | Villager (Male) |
| 4:01 | Queue | Villager (Male) |
| 4:01 | Queue | Villager (Male) |
| 4:01 | Queue | Villager (Male) |
| 4:48 | Queue | Villager (Male) |
| 4:51 | Queue | Villager (Male) |
| 4:59 | Queue | Villager (Male) |
| 5:16 | Queue | Villager (Male) |
| 5:17 | Queue | Villager (Male) |
| 5:29 | Build | Mill |
| 6:24 | Research | Feudal Age |
| 6:24 | Research | Feudal Age |
| 6:24 | Research | Feudal Age |
| 7:03 | Queue | Villager (Male) |
| 7:27 | Queue | Villager (Male) |
| 7:37 | Queue | Villager (Male) |
| 8:01 | Queue | Villager (Male) |
| 8:13 | Build | Barracks |
| 8:15 | Build | Palisade Wall |
| 8:31 | Queue | Villager (Male) |
| 8:34 | Age | Feudal Age |
| 8:44 | Build | House |
| 8:58 | Build | Palisade Wall |
| 9:00 | Build | Palisade Wall |
| 10:19 | Build | Town Center |
| 11:00 | Build | House |
| 11:10 | Queue | Villager (Male) |
| 11:10 | Queue | Villager (Male) |
| 11:10 | Queue | Villager (Male) |
| 11:11 | Queue | Villager (Male) |
| 11:23 | Queue | Villager (Male) |
| 11:36 | Queue | Villager (Male) |
Match timeline
| 8:13 | CORP_ Zata · first_building Barracks |
| 8:15 | CORP_ Zata · wall_segment Palisade Wall x1 |
| 8:34 | CORP_ Zata · age_up feudal |
| 8:58 | CORP_ Zata · wall_segment Palisade Wall x1 |
| 9:00 | CORP_ Zata · wall_segment Palisade Wall x1 |
| 11:40 | Мамкин руинер · resign |
[ AI ANALYSIS · 1 CREDIT ]
What really happened in this match?
Wolo.gg analyzes every decision: build order, eco, micro, common mistakes by bracket. Personalized analysis on WhatsApp or Discord in 30 seconds.
Civ guide
Persians
Perfil
Elite_Skirm_Enjoyer